 Dungeon Crawl Stone Soup version 0.28.0-45-g0d030f2227 (webtiles) character file.

Game seed: 3786986553015706985

254 Peloso the Covered (level 5, -6/47 HPs)
             Began as a Minotaur Fighter on Apr 9, 2022.
             Mangled by a water moccasin (8 damage)
             ... on level 4 of the Dungeon.
             The game lasted 00:03:08 (3271 turns).

Peloso the Covered (Minotaur Fighter)               Turns: 3271, Time: 00:03:09

Health: -6/47      AC:  7    Str: 19 (20) XL:     5   Next: 90%
Magic:  4/4        EV:  9    Int:  3 (5)  God:
Gold:   203        SH:  5    Dex: 10 (12) Spells: 4/4 levels left

rFire   . . .      SeeInvis .   a - +0 long sword
rCold   . . .      Faith    .   c - +1 buckler
rNeg    . . .      Spirit   .   b - +0 scale mail
rPois   .          Reflect  .   (helmet restricted)
rElec   .          Harm     .   (no cloak)
rCorr   .          Rampage  .   (no gloves)
Will    .....                   (no boots)
Stlth   ..........              (no amulet)
HPRegen 0.15/turn               (no ring)
MPRegen 0.09/turn               (no ring)

@: lethally poisoned (-6 -> -13)
A: horns 2, retaliatory headbutt
a: no special abilities


You were on level 4 of the Dungeon.
You visited 1 branch of the dungeon, and saw 4 of its levels.

You collected 203 gold pieces.

Inventory:

Hand Weapons
 a - a +0 long sword (weapon)
Armour
 b - a +0 scale mail (worn)
 c - a +1 buckler (worn)
Wands
 j - a wand of paralysis (9)
Scrolls
 g - a scroll of enchant armour
 i - a scroll of teleportation {unknown}
 m - a scroll of holy word {unknown}
 n - a scroll of torment {unknown}
 o - a scroll of summoning {unknown}
 p - a scroll of fear {unknown}
 q - a scroll of enchant weapon {unknown}
Potions
 d - a potion of might
 e - 3 potions of curing
 f - a potion of haste {unknown}
 h - a potion of brilliance {unknown}
 k - a potion of heal wounds {unknown}
 l - 2 potions of mutation {unknown}


   Skills:
 + Level 4.9 Fighting
 + Level 4.5 Long Blades
 + Level 5.2 Armour
 + Level 1.0 Dodging
 + Level 0.1 Stealth
 + Level 4.5 Shields


You had 4 spell levels left.
You didn't know any spells.
Your spell library contained the following spells:

 Spells                   Type           Power      Damage    Failure   Level
 Sublimation of Blood     Necr           0%         N/A       98%         2
 Wereblood                Tmut           0%         N/A       98%         2
 Summon Hydra             Summ           0%         N/A       100%        7


Dungeon Overview and Level Annotations

Branches:
Dungeon (4/15)
 Temple: D:4-7

Altars:
Ru

Annotations:
D:3 1 runed translucent door, 101zpm's ghost, amateur GrFi


Innate Abilities, Weirdness & Mutations

You have a pair of horns on your head.
You reflexively headbutt those who attack you in melee.


Message History

You closely miss the water moccasin.
Your headbutt misses the water moccasin.
The water moccasin is moderately wounded.
You feel sick. The water moccasin barely misses you.
You hit the water moccasin but do no damage.
The water moccasin is moderately wounded.
You feel sick.
The water moccasin bites you but does no damage.
The water moccasin bites you.
You are more poisoned.
The water moccasin poisons you!
You barely miss the water moccasin.
The water moccasin is moderately wounded.
You feel very sick. The water moccasin bites you.
The water moccasin bites you but does no damage.
Unknown command.
You closely miss the water moccasin.
The water moccasin is moderately wounded.
You feel very sick. You block the endoplasm's attack.
You block the water moccasin's attack.
Unknown command.
You hit the water moccasin but do no damage.
The water moccasin is moderately wounded.
You feel very sick.
The water moccasin bites you but does no damage.
The endoplasm closely misses you. The water moccasin barely misses you.
The endoplasm freezes you.
You are frozen.
* * * LOW HITPOINT WARNING * * *
You hit the water moccasin.
The water moccasin is moderately wounded.
* * * LOW HITPOINT WARNING * * *
You feel very sick. You block the water moccasin's attack.
The endoplasm freezes you.
You are frozen.
* * * LOW HITPOINT WARNING * * *
The water moccasin bites you!
You die...

##)#.......
#.##......
#..##..... #
##..###### #.#
##.######## ...#
#........#### ...#
########....#....##
########>.......#
......S@.#.......
.(....J##........
....... ........
....... ........
.....<. ..!.....
....... ........
####### ........
.≈≈≈≈≈≈


You could see a water moccasin and an endoplasm.

Vanquished Creatures
  Blork the orc (D:4)
  Natasha (thrice) (D:2)
  A hound skeleton (D:4)
  4 gnolls (D:3)
  An adder (D:2)
  An ufetubus (D:4)
  2 dart slugs (D:1)
  4 endoplasms
  2 giant cockroaches (D:2)
  4 goblins (D:1)
  3 hobgoblins
  3 jackals (D:3)
  A quokka (D:2)
  4 ball pythons
  5 bats
  5 frilled lizards
  5 kobolds
  3 rats
52 creatures vanquished.

Notes
Turn   | Place    | Note
-------+----------+-------------------------------------------
     0 | D:1      | Peloso the Minotaur Fighter began the quest for the Orb.
     0 | D:1      | Reached XP level 1. HP: 19/19 MP: 0/0
   217 | D:1      | You fall into a shaft and drop 1 floor!
   268 | D:2      | Noticed Natasha
   275 | D:2      | Reached skill level 4 in Armour
   275 | D:2      | Reached XP level 2. HP: 17/27 MP: 1/1
   279 | D:2      | Killed Natasha
   280 | D:2      | Reached XP level 3. HP: 11/33 MP: 2/2
   505 | D:2      | Noticed Natasha
   513 | D:2      | Killed Natasha
   514 | D:2      | Reached XP level 4. HP: 20/41 MP: 3/3
  1412 | D:1      | Found a faded altar of an unknown god.
  1773 | D:2      | Noticed Natasha
  1785 | D:2      | Killed Natasha
  1907 | D:3      | Found a runed translucent door.
  1921 | D:3      | Noticed 101zpm's ghost (amateur GrFi)
  1944 | D:3      | Reached XP level 5. HP: 20/47 MP: 4/4
  2340 | D:3      | Paralysed by a hobgoblin for 6 turns
  2762 | D:3      | Found a sacrificial altar of Ru.
  3016 | D:4      | Reached skill level 5 in Armour
  3086 | D:4      | Noticed Blork the orc
  3096 | D:4      | Killed Blork the orc
  3097 | D:4      | Reached skill level 1 in Dodging
  3262 | D:4      | Noticed a water moccasin
  3271 | D:4      | HP: 2/47 [frozen (5)]
  3271 | D:4      | Mangled by a water moccasin

Illustrated notes

Levels and vault maps discovered:
D:1:      lightli_arrival_farm, layout_basic, hellmonk_ecumenical_altar_run_dry,
          kennysheep_doodads, grunt_decor_resistance, minmay_misc_feat_plants,
          st_stairs_11
D:2:      layout_basic, lemuel_another_geyser, uniq_natasha
D:3:      layout_loops_ring, nicolae_ru_path_of_blood,
          ebering_ghost_reflecting_pool
D:4:      layout_rooms, mainiacjoe_overflow_surrounded_room,
          mainiacjoe_overflow_catwalk, grunt_tough_drop, uniq_pikel,
          uniq_blork_the_orc

Skill      XL: |  1  2  3  4  5 |
---------------+----------------+-----
Fighting       | 4 |  4.9
Armour         | 4 5 |  5.2
Shields        | 4 |  4.5
Long Blades    | 3 4 |  4.5
Dodging        | 1 |  1.0
Stealth        | |  0.1

Action                   |  1- 3 |  4- 6 || total
-------------------------+-------+-------++-------
Melee: Long sword        |    41 |    85 ||   126
       Headbutt          |     5 |    13 ||    18
  Use: Scroll            |       |     3 ||     3
       Potion            |       |     2 ||     2
Armor: Scale mail        |    38 |    42 ||    80
Dodge: Dodged            |    31 |    35 ||    66
Block: Buckler           |    14 |    18 ||    32
